 Dungeon Crawl Stone Soup version 0.31-a0-277-g31ea1f65cc (webtiles) character file.

Game seed: 1426363617397506205

3357 funkygono the Cleaver (level 9, -2/79 HPs)
             Began as a Minotaur Fighter on July 15, 2023.
             Was a Follower of Okawaru.
             Slain by an orc knight
             ... wielding a +0 war axe
              (13 damage)
             ... in a bailey.
             The game lasted 00:13:54 (7697 turns).

funkygono the Cleaver (Minotaur Fighter)            Turns: 7697, Time: 00:13:54

Health: -2/79      AC: 14    Str: 25    XL:     9   Next: 73%
Magic:  8/8        EV: 10    Int:  5    God:    Okawaru [*.....]
Gold:   396        SH:  5    Dex: 10    Spells: 8/8 levels left

rFire   . . .        D - +2 broad axe (flame)
rCold   . . .        c - +0 buckler
rNeg    . . .        B - +0 chain mail
rPois   .            (helmet restricted)
rElec   .            f - +0 cloak
rCorr   .            (no gloves)
SInv    +            v - +0 pair of boots
Will    +....        p - amulet of the acrobat Stlth
                     t - ring of willpower
HPRegen 0.33/turn    x - ring of see invisible
MPRegen 0.11/turn

%: acrobat
@: no status effects
A: horns 2, retaliatory headbutt
a: Renounce Religion, Heroism


You were in a bailey.
You worshipped Okawaru.
Okawaru was aware of your devotion.
You visited 2 branches of the dungeon, and saw 8 of its levels.
You also visited: Bailey.

You collected 396 gold pieces.

Inventory:

Hand Weapons
 a - a +0 war axe
 u - the +2 long sword of Gucomo {drain, rF+ Dex+2}
   (You found it on level 4 of the Dungeon)

   Dex:       It affects your dexterity (+2).
   rF:        It protects you from fire.
 D - a +2 broad axe of flaming (weapon)
Missiles
 h - 83 stones (quivered)
 m - 8 poisoned darts
 n - 10 boomerangs
Armour
 c - a +0 buckler (worn)
 f - a +0 cloak (worn)
 v - a +0 pair of boots (worn)
 B - a +0 chain mail (worn)
Jewellery
 l - a ring of protection from cold
 p - an amulet of the acrobat (around neck)
 r - a ring of ice
 t - a ring of willpower (left hand)
 x - a ring of see invisible (right hand)
 z - an amulet of reflection
Wands
 q - a wand of flame (17)
 y - a wand of charming (14)
Scrolls
 d - a scroll of fear
 s - a scroll of amnesia
Potions
 b - a potion of resistance {unknown}
 e - 3 potions of curing
 g - a potion of heal wounds
 i - 3 potions of attraction
 j - a potion of ambrosia {unknown}
 k - 2 potions of enlightenment {unknown}
 o - a potion of mutation {unknown}
 w - a potion of degeneration {unknown}
 A - a potion of berserk rage {unknown}
 C - 2 potions of lignification {unknown}


   Skills:
 + Level 7.3 Fighting
 + Level 10.8 Axes
 + Level 0.3 Throwing
 + Level 9.1 Armour
 + Level 4.3 Dodging
 + Level 1.5 Stealth
 + Level 5.9 Shields


You had 8 spell levels left.
You didn't know any spells.
Your spell library contained the following spells:

 Spells                   Type           Power      Damage    Failure   Level
 Foxfire                  Conj/Fire      0%         2x1d4     95%         1
 Ensorcelled Hibernation  Hex/Ice        0%         N/A       99%         2
 Passwall                 Tmut/Erth      0%         N/A       99%         2
 Sublimation of Blood     Necr           0%         N/A       99%         2
 Swiftness                Air            0%         N/A       100%        3
 Petrify                  Tmut/Erth      0%         N/A       100%        4
 Irradiate                Conj/Tmut      0%         3d11      100%        5
 Plasma Beam              Fire/Air       0%         2x1d10    100%        6
 Starburst                Conj/Fire      0%         6d3       100%        6
 Malign Gateway           Summ/Tloc      Unusable   N/A       N/A         7
 Summon Horrible Things   Summ           Unusable   N/A       N/A         8

Dungeon Overview and Level Annotations

Branches:
Dungeon (7/15)             Temple (1/1) D:4          Bailey (1/1)

Altars:
Ashenzari
Cheibriados
Dithmenos
Elyvilon
Fedhas
Gozag
Hepliaklqana
Kikubaaqudgha
Makhleb
Nemelex Xobeh
Okawaru
Qazlal
Ru
Sif Muna
Trog
Uskayaw
Vehumet
Wu Jian
Xom
Yredelemnul
Zin
The Shining One


Innate Abilities, Weirdness & Mutations

You have a pair of horns on your head.
You reflexively headbutt those who attack you in melee.


Message History

The orc knight hits you with a +0 war axe!
The gnoll barely misses you.
Unknown command.
You slash the orc knight! You burn the orc knight!
The orc knight is heavily wounded.
You slash the gnoll! You burn the gnoll.
You kill the gnoll!
Okawaru accepts your kill.
The orc knight hits you with a +0 war axe.
Unknown command.
You barely miss the orc knight.
The orc knight is heavily wounded.
The orc knight hits you with a +0 war axe!!
* * * LOW HITPOINT WARNING * * *
Unknown command.
You hit the orc knight but do no damage.
You headbutt the orc knight!
The orc knight is severely wounded.
An orc warrior comes into view. It is wielding a +0 battleaxe.
The orc knight hits you with a +0 war axe.
* * * LOW HITPOINT WARNING * * *
Unknown command.
You closely miss the orc knight.
The orc warrior shouts!
You headbutt the orc knight, but do no damage.
The orc knight is severely wounded.
You hit the hobgoblin. You burn the hobgoblin.
You kill the hobgoblin!
Okawaru accepts your kill.
The orc knight hits you but does no damage.
You hit the orc knight. You burn the orc knight.
You headbutt the orc knight, but do no damage.
The orc knight is severely wounded.
The orc knight roars a battlecry!
The orc warrior goes into a battle-frenzy!
Unknown command.
You barely miss the orc knight.
The orc knight is severely wounded.
The orc knight hits you with a +0 war axe!
You die...

..#).)..).....#
..#.)..)).)...#
..#.....)))...#
.###.........### ♣♣♣♣ ##
###.....#'#.### ♣♣♣..♣♣♣
###.###.....###♣♣......♣
###....)....##......♣♣
#......)..).#.......♣♣
#......)@.).').......♣
#.....⌠o)...').∩.∩...♣
#..........))..).....♣
#...........#.......♣♣
##...o.....##.......♣
###.....###♣♣......♣
#'#.### ♣♣♣♣♣♣♣♣ ...##
..


You could see an orc knight and an orc warrior (strong).

Vanquished Creatures
  Pikel (D:4)
  Maggie (D:6)
  Grinder (D:6)
  Edmund (D:6)
  A water moccasin (D:6)
  Duvessa (D:6)
  A sky beast (D:6)
  9 orc warriors (Bailey)
  A black bear (D:6)
  The ghost of Chingon the Magician, an amateur DjIE (D:3)
  A phantom (D:6)
  4 scorpions
  2 wyvern zombies (D:3)
  Dowan (D:6)
  A howler monkey (D:5)
  3 hounds
  Crazy Yiuf (D:4)
  A sleepcap (D:5)
  An iguana (D:5)
  An orc wizard (D:6)
  A killer bee zombie (D:3)
  Robin (D:4)
  3 gnolls (Bailey)
  6 adders
  3 white imps
  3 ufetubi
  A worm (D:3)
  5 dart slugs
  20 orcs
  4 bats
  5 endoplasms
  6 giant cockroaches
  20 goblins
  14 hobgoblins
  7 jackals
  4 quokkas
  14 ball pythons
  4 frilled lizards
  15 kobolds
  5 rats
175 creatures vanquished.

Vanquished Creatures (others)
  A human (D:5)
1 creature vanquished.

Grand Total: 176 creatures vanquished

Notes
Turn   | Place    | Note
-------+----------+-------------------------------------------
     0 | D:1      | funkygono the Minotaur Fighter began the quest for the Orb.
     0 | D:1      | Reached XP level 1. HP: 19/19 MP: 0/0
   233 | D:1      | Reached XP level 2. HP: 23/27 MP: 1/1
   469 | D:1      | Reached XP level 3. HP: 33/33 MP: 2/2
  1002 | D:2      | You fall into a shaft and drop 2 floors!
  1019 | D:3      | Reached skill level 3 in Axes
  2008 | D:3      | Reached XP level 4. HP: 32/40 MP: 3/3
  2293 | D:3      | Found a faded altar of an unknown god.
  2765 | D:3      | Found a runed translucent gate.
  2765 | D:3      | Found a runed translucent gate.
  2765 | D:3      | Found a runed translucent gate.
  2770 | D:3      | Noticed Chingon's ghost (amateur DjIE)
  2805 | D:3      | Reached skill level 4 in Axes
  2805 | D:3      | Reached skill level 1 in Dodging
  2805 | D:3      | Reached XP level 5. HP: 38/47 MP: 4/4
  2811 | D:3      | Reached skill level 5 in Armour
  2814 | D:3      | Killed Chingon's ghost
  2815 | D:3      | Reached XP level 6. HP: 32/53 MP: 5/5
  3070 | D:4      | Noticed Robin
  3087 | D:4      | Killed Robin
  3229 | D:4      | Found a staircase to the Ecumenical Temple.
  3239 | Temple   | Entered the Ecumenical Temple
  3457 | D:4      | Reached skill level 5 in Axes
  3566 | D:4      | Identified the +2 long sword of Gucomo {drain, rF+ Dex+2}
  3913 | D:4      | Noticed Pikel
  3930 | D:4      | Killed Pikel
  3931 | D:4      | Reached skill level 5 in Fighting
  3931 | D:4      | Reached skill level 6 in Axes
  3931 | D:4      | Reached XP level 7. HP: 59/61 MP: 6/6
  4008 | D:4      | Found a runed translucent door.
  4009 | D:4      | Noticed Crazy Yiuf
  4204 | D:4      | Reached skill level 7 in Axes
  4525 | D:4      | Killed Crazy Yiuf
  4672 | D:5      | Entered Level 5 of the Dungeon
  4681 | D:5      | Reached skill level 1 in Stealth
  4860 | D:5      | Reached XP level 8. HP: 69/69 MP: 7/7
  5154 | D:5      | Found an ancient bone altar of Kikubaaqudgha.
  5643 | D:6      | Found a white marble altar of Elyvilon.
  5659 | D:6      | Reached skill level 8 in Axes
  5677 | D:6      | Noticed Duvessa
  5678 | D:6      | Noticed Dowan
  5688 | D:6      | Killed Duvessa
  6110 | D:6      | Killed Dowan
  6174 | D:6      | HP: 2/71 [poisoned by a water moccasin]
  6447 | D:6      | Noticed Edmund
  6471 | D:6      | Reached skill level 5 in Shields
  6500 | D:6      | Killed Edmund
  6501 | D:6      | Reached skill level 9 in Axes
  6712 | D:6      | Noticed Maggie
  6722 | D:6      | Killed Maggie
  6723 | D:6      | Reached XP level 9. HP: 65/78 MP: 8/8
  6842 | D:6      | Found an iron altar of Okawaru.
  6843 | D:6      | Found a glowing golden altar of the Shining One.
  6849 | D:6      | Became a worshipper of Warmaster Okawaru
  6851 | D:6      | Found a hide-covered altar of Uskayaw.
  6865 | D:6      | Noticed Grinder
  6876 | D:6      | Killed Grinder
  7113 | D:7      | Found a flagged portal.
  7132 | Bailey   | Entered a bailey
  7354 | Bailey   | Reached skill level 10 in Axes
  7492 | Bailey   | Reached * piety under Okawaru
  7518 | Bailey   | Noticed an orc warlord
  7684 | Bailey   | Noticed an orc knight
  7697 | Bailey   | Slain by an orc knight

Illustrated notes

Levels and vault maps discovered:
D:1:      minmay_arrival_checkered_box, layout_basic, serial_forest,
          infiniplex_forest_clump_medium, infiniplex_forest_end_3,
          infiniplex_forest_clump_curved, infiniplex_forest_clump_cross,
          infiniplex_forest_zigzag_2, infiniplex_forest_clump_medium,
          infiniplex_forest_corner_1, infiniplex_forest_side_room,
          infiniplex_forest_clump_small, kennysheep_decorative_pillar,
          patterned_corridor
D:2:      layout_basic
D:3:      layout_loops_ring, shapermc_ecumenical_altar_gd,
          gammafunk_ghost_necromancy, chequers_serial_rivers_micro_c,
          nicolae_titane
D:4:      kennysheep_spiral_hall, layout_loops_corners,
          minmay_temple_entry_waves, serial_forest, infiniplex_forest_zigzag_2,
          infiniplex_forest_clump_long, infiniplex_forest_lined_2,
          infiniplex_forest_straight_3, infiniplex_forest_corner_2,
          infiniplex_forest_end_3, infiniplex_forest_lined_1,
          infiniplex_forest_3_way, infiniplex_forest_end_2,
          infiniplex_forest_straight_4, skrybe_limestone_x,
          hangedman_abyss_or_decor_stagger, uniq_pikel, uniq_crazy_yiuf_cottage,
          uniq_robin
D:5:      wander_river, layout_layer_cave, tgw_kikubaaqudgha, serial_glass,
          glass_columns_c, glass_columns_a
D:6:      layout_rooms, nicolae_overflow_macrodata_refinement, uniq_grinder,
          uniq_duvessa, uniq_maggie, uniq_edmund
D:7:      layout_gridville, serial_shops, shop, enter_bailey_6, uniq_joseph
Temple:   minmay_crystal_spiral_temple
Bailey:   bailey_axe_minmay_hex_keep, bailey

Skill      XL: |  1  2  3  4  5  6  7  8  9 |
---------------+----------------------------+-----
Fighting       | 4 5 6 7 |  7.3
Armour         | 4 5 6 8 9 |  9.1
Shields        | 4 5 |  5.9
Axes           | 3 4 6 7 9 10 | 10.8
Dodging        | 1 2 3 4 |  4.3
Stealth        | 1 |  1.5
Throwing       | |  0.3

Action                     |  1- 3 |  4- 6 |  7- 9 || total
---------------------------+-------+-------+-------++-------
  Melee: War axe           |    97 |    98 |   114 ||   309
         Headbutt          |     7 |    11 |    29 ||    47
         Broad axe         |       |       |   102 ||   102
  Throw: Stone             |     5 |       |     1 ||     6
    Use: Scroll            |     4 |     4 |     3 ||    11
         Potion            |       |     1 |     5 ||     6
 Armour: Scale mail        |    63 |    41 |    38 ||   142
         Chain mail        |       |       |    28 ||    28
  Dodge: Dodged            |    51 |    55 |   124 ||   230
  Block: Buckler           |    26 |    18 |    54 ||    98

Table legend: (Time is in decaauts)
 A = Elapsed time spent in this place.
 B = Non-inter-level travel time spent in this place.
 C = Inter-level travel time spent in this place.
 D = Time resting spent in this place.
 E = Time spent auto-exploring this place.
 F = Levels seen in this place.
 G = Mean time per level.
                   A        B        C        D        E       F      G
               +--------+--------+--------+--------+--------+-----+--------+
         Total |   7796 |   7443 |    353 |    394 |   5472 |   9 |  866.2 |
       Dungeon |   7010 |   6742 |    268 |    186 |   5360 |   7 | 1001.4 |
        Temple |    211 |    127 |     84 |      0 |    112 |   1 |  211.0 |
        Bailey |    574 |    574 |      0 |    208 |      0 |   1 |  574.0 |
               +--------+--------+--------+--------+--------+-----+--------+

Top non-repeatable levels by time:
     D:4: 1480 daAuts
     D:5: 1364 daAuts
     D:3: 1058 daAuts
     D:2: 1014 daAuts
     D:6: 977 daAuts
     D:1: 977 daAuts
  Bailey: 574 daAuts
  Temple: 211 daAuts
     D:7: 137 daAuts
